 Dungeon Crawl Stone Soup version 0.23.2 (webtiles) character file.

Game seed: 7896201811565519763

73 FrozenHourglass the Gusty (level 4, -7/33 HPs)
             Began as a Draconian Air Elementalist on Apr 3, 2019.
             Killed by nerve-wracking pain
             ... invoked by Jessica
              (10 damage)
             ... on level 2 of the Dungeon.
             The game lasted 00:16:08 (1353 turns).

FrozenHourglass the Gusty (DrAE)                    Turns: 1353, Time: 00:16:09

Health: -7/33      AC:  5    Str: 10    XL:     4   Next: 8%
Magic:  0/16       EV: 12    Int: 16    God:
Gold:   82         SH:  0    Dex: 12    Spells: 4/7 levels left

rFire    + . .     SeeInvis .   d - +0 dagger
rCold    . . .     Gourm    .   (no shield)
rNeg     . . .     Faith    .   (armour unavailable)
rPois    .         Spirit   +   (helmet restricted)
rElec    .         Reflect  .   f - scarf {Spirit}
rCorr    .         Harm     .   (no gloves)
MR       .....                  (no boots)
Stlth    ++........             (no amulet)
HPRegen  0.11/turn              m - ring of protection from fire
MPRegen  0.15/turn              n - ring of magical power

@: no status effects
A: unfitting armour, cold-blooded, AC +5
a: no special abilities


You were on level 2 of the Dungeon.
You were hungry.

You visited 1 branch of the dungeon, and saw 3 of its levels.

You collected 82 gold pieces.

Inventory:

Hand Weapons
 d - a +0 dagger (weapon)
Armour
 f - a scarf of spirit shield (worn)
Jewellery
 m - a ring of protection from fire (left hand)
 n - a ring of magical power (right hand)
Scrolls
 a - a scroll of teleportation {unknown}
 c - a scroll of immolation {unknown}
 e - a scroll of magic mapping
 h - a scroll of enchant weapon {unknown}
 j - a scroll of identify {unknown}
 l - a scroll of blinking {unknown}
Potions
 i - a potion of curing {unknown}
 k - 2 potions of brilliance {unknown}
Comestibles
 b - 2 rations
 g - a chunk of flesh


   Skills:
 + Level 0.5 Short Blades
 + Level 2.1 Dodging
 + Level 2.2 Stealth
 + Level 2.3 Spellcasting
 + Level 1.9 Conjurations
 + Level 3.7 Air Magic


You had 4 spell levels left.
You knew the following spells:

 Your Spells              Type           Power        Failure   Level  Hunger
a - Shock                 Conj/Air       ##..         6%          1    #......
b - Swiftness             Chrm/Air       #.......     14%         2    ###....

Your spell library contained the following spells:

 Spells                   Type           Power        Failure   Level  Hunger
 Static Discharge         Conj/Air       ##......     19%         3    ###....
 Airstrike                Air            ##........   38%         4    #####..
 Lightning Bolt           Conj/Air       ##........   86%         5    ######.


Dungeon Overview and Level Annotations

Branches:
Dungeon (3/15)

Altars:
Trog

Annotations:
D:2 Jessica


Innate Abilities, Weirdness & Mutations

Your plain brown scales are hard. (AC +5)
You cannot fit into any form of body armour.
You are cold-blooded and may be slowed by cold attacks.


Message History

Press: ? - help, Shift-Dir - straight line The zap misses Jessica.
Jessica hits you.
* * * LOW HITPOINT WARNING * * *
You hit Jessica but do no damage.
Jessica is severely wounded.
Jessica gestures wildly while chanting.
Jessica blinks!
You close the door.
You open the door.
You close the door.
Jessica opens the door.
Casting: Shock (safe; 6% risk of failure)
Confirm with . or Enter, or press ? or * to list all spells.
Aiming: Shock (safe; 6% risk of failure)
Press: ? - help, Shift-Dir - straight line, f - Jessica
Aim: Jessica, wearing a +0 robe (heavily wounded)
The zap hits Jessica.
Jessica is almost dead.
Jessica casts a spell at you. Pain shoots through your body!
You die...

########.#...........# #..#
#......#.###'###.....# ##...
#####.####.#.# #.# ##+####
#... #..>>.# #.#.# #.# ###.
#.##### #.#.# #.####+#####
### # #.#@###.....$....# #..
######.#.#............# #.#
.)........#.##.........# #.#
#######.##..@@.........####..
#.##.###...............
#.##.........=##.......
#.###########.##....... ...
.##....... #.# ##....... #.
#....... #<.)..[. #.......


You could see Jessica.

Vanquished Creatures
  4 adders (D:2)
  An ooze (D:1)
  A worm (D:2)
  6 bats
  A giant cockroach (D:2)
  3 goblins
  4 hobgoblins
  7 kobolds
  2 frilled lizards
  3 rats
32 creatures vanquished.

Notes
Turn   | Place    | Note
-------+----------+-------------------------------------------
     0 | D:1      | FrozenHourglass the Draconian Air Elementalist began the
                  | quest for the Orb.
     0 | D:1      | Reached XP level 1. HP: 14/14 MP: 3/3
   255 | D:1      | Reached XP level 2. HP: 20/20 MP: 0/5
   927 | D:2      | Reached XP level 3. HP: 26/26 MP: 0/6
  1008 | D:2      | Found a bloodstained altar of Trog.
  1144 | D:2      | Reached XP level 4. HP: 24/33 MP: 2/7
  1148 | D:2      | Learned a level 2 spell: Swiftness
  1170 | D:2      | You fall through a shaft!
  1238 | D:2      | Noticed Jessica
  1329 | D:2      | HP: 1/33 [Jessica/nerve-wracking pain (10)]
  1341 | D:2      | HP: 1/33 [Jessica (1)]
  1353 | D:2      | Killed from afar by Jessica

Skill      XL: |  1  2  3 |
---------------+----------+-----
Stealth        | 2 |  2.2
Dodging        | 2 |  2.1
Short Blades   | |  0.5
Spellcasting   | |  2.3
Conjurations   | |  1.9
Air Magic      | |  3.7

Action                   |  1- 3 |  4- 6 || total
-------------------------+-------+-------++-------
Melee: Unarmed           |    45 |       ||    45
       Tailslap          |     3 |       ||     3
       Dagger            |    35 |    10 ||    45
 Cast: Shock             |    59 |    19 ||    78
       Swiftness         |       |     2 ||     2
  Use: Scroll            |     3 |       ||     3
 Stab: Sleeping          |     1 |       ||     1
  Eat: Chunk             |     2 |       ||     2
Armor: Skin              |    39 |     4 ||    43
Dodge: Dodged            |    87 |    11 ||    98
